 Dungeon Crawl Stone Soup version 0.26.1-11-gd32895ea62 (webtiles) character file.

Game seed: 9748951479418695174

62 buriedalive the Chiller (level 3, -1/19 HPs)
             Began as a Deep Elf Ice Elementalist on June 18, 2021.
             Slain by a sky beast (5 damage)
             ... on level 2 of the Dungeon.
             The game lasted 00:02:48 (1740 turns).

buriedalive the Chiller (Deep Elf Ice Elementalist) Turns: 1740, Time: 00:02:50

Health: -1/19      AC:  3    Str:  5    XL:     3   Next: 85%
Magic:  9/9        EV: 14    Int: 20    God:
Gold:   140        SH:  0    Dex: 15    Spells: 7/8 levels left

rFire    . . .     SeeInvis .   l - +2 whip (venom)
rCold    . . .     Faith    .   (no shield)
rNeg     . . .     Spirit   .   a - +0 robe
rPois    .         Reflect  .   (no helmet)
rElec    .         Harm     .   (no cloak)
rCorr    .         Rampage  .   (no gloves)
Will     .....                  e - +0 pair of boots
Stlth    ++........             (no amulet)
HPRegen  0.06/turn              (no ring)
MPRegen  0.11/turn              (no ring)

@: no status effects
A: no striking features
a: no special abilities


You were on level 2 of the Dungeon.
You visited 1 branch of the dungeon, and saw 2 of its levels.

You collected 140 gold pieces.

Inventory:

Hand Weapons
 g - a +0 dagger
 l - a +2 whip of venom (weapon)
Missiles
 f - 85 stones
Armour
 a - a +0 robe (worn)
 e - a +0 pair of boots (worn)
Jewellery
 i - an uncursed ring of fire {unknown}
 n - an uncursed amulet of guardian spirit {unknown}
Scrolls
 b - a scroll of noise {unknown}
 c - 4 scrolls of remove curse {unknown}
 d - a scroll of enchant armour {unknown}
 j - a scroll of identify {unknown}
 m - a scroll of amnesia {unknown}
Potions
 h - 3 potions of attraction {unknown}
 k - 3 potions of curing {unknown}


   Skills:
 + Level 4.0 Dodging
 - Level 2.4 Stealth
 - Level 3.0 Spellcasting
 + Level 5.3 Ice Magic


You had 7 spell levels left.
You knew the following spells:

 Your Spells              Type           Power        Failure   Level
a - Freeze                Ice            96%          1%          1

Your spell library contained the following spells:

 Spells                   Type           Power        Failure   Level
 Frozen Ramparts          Ice            48%          4%          3
 Ozocubu's Armour         Ice            24%          4%          3
 Hailstorm                Conj/Ice       13%          43%         4
 Summon Ice Beast         Ice/Summ       13%          43%         4


Dungeon Overview and Level Annotations

Branches:
Dungeon (2/15)

Altars:


Message History

The sky beast misses you.
You barely miss the sky beast.
The sky beast is moderately wounded.
The sky beast flickers out of sight!
Deactivating autopickup; reactivate with Ctrl-A.
Something hits you. Something shocks you.
You closely miss something. Something hits you but does no damage.
You hit something but do no damage. Something barely misses you.
You miss something. Something completely misses you.
You barely miss something. Something hits you. Something shocks you.
You barely miss something. Something completely misses you.
A sky beast appears from thin air!
Reactivating autopickup.
The sky beast barely misses you.
You miss the sky beast.
The sky beast is severely wounded.
The sky beast hits you.
* * * LOW HITPOINT WARNING * * *
The sky beast shocks you.
You die...

..# #.# #.######.#
.......#.#
..##.#.#.####
..##........###
.#............#
...........>..########
.#.#............@Y...#
.......)....).######.#
#####.##......# #
#.......### #
####.#### # #.# # #.#
# ###.# ######....


You could see a sky beast (extremely poisoned).

Vanquished Creatures
  An adder (D:2)
  2 oozes
  2 leopard geckos
  7 bats
  2 giant cockroaches
  4 goblins
  9 hobgoblins
  2 kobolds (D:1)
  A quokka (D:2)
  5 frilled lizards (D:2)
  4 rats
39 creatures vanquished.

Notes
Turn   | Place    | Note
-------+----------+-------------------------------------------
     0 | D:1      | buriedalive the Deep Elf Ice Elementalist began the quest
                  | for the Orb.
     0 | D:1      | Reached XP level 1. HP: 10/10 MP: 6/6
   238 | D:1      | Reached XP level 2. HP: 15/15 MP: 6/8
  1076 | D:1      | Reached skill level 5 in Ice Magic
  1076 | D:1      | Reached XP level 3. HP: 17/19 MP: 7/9
  1726 | D:2      | Noticed a sky beast
  1740 | D:2      | Slain by a sky beast

Illustrated notes

Levels and vault maps discovered:
D:1:      amcnicky_arrival_gap_in_the_tavern_cellar, layout_loops_corners
D:2:      layout_loops_cross, nicolae_overflow_crystal_walls,
          nicolae_overflow_hidden_temple

Skill      XL: |  1  2  3 |
---------------+----------+-----
Dodging        | 3 4 |  4.0
Ice Magic      | 5 |  5.3
Stealth        | |  2.4
Spellcasting   | |  3.0

Action                   || total
-------------------------++-------
Melee: Unarmed           ||    11
       Dagger            ||     8
       Whip              ||    61
 Cast: Freeze            ||    23
 Stab: Sleeping          ||     7
Armor: Robe              ||    14
Dodge: Dodged            ||    65
